 Dungeon Crawl Stone Soup version 0.19.5 (webtiles) character file.

14993 RaHiT the Thaumaturge (level 11, -4/90 HPs)
             Began as a Mummy Conjurer on Apr 14, 2017.
             Was a Believer of Vehumet.
             Slain by Sanvar's ghost (21 damage)
             ... on level 2 of the Lair of Beasts.
             The game lasted 01:18:38 (16603 turns).

RaHiT the Thaumaturge (Mummy Conjurer)             Turns: 16603, Time: 01:18:39

Health: -4/90      AC: 16    Str: 12    XL:     11   Next: 96%
Magic:  20/26      EV: 14    Int: 18    God:    Vehumet [**....]
Gold:   863        SH:  0    Dex: 12    Spells: 7 memorised, 13 levels left

rFire  . . .     SeeInvis +     o - +4 dagger (venom)
rCold  + . .     Gourm    .     l - +1 robe {rF+}
rNeg   + + +     Faith    .     (no shield)
rPois  ∞         Spirit   .     C - +0 helmet {SInv}
rElec  +         Reflect  .     z - +1 cloak of the Lute {rElec}
rCorr  .         Harm     .     x - +2 pair of gloves
MR     +....                    k - +2 pair of boots
Stlth  ++........               N - amulet of regeneration
                                M - +2 ring of evasion
                                t - +4 ring of protection

@: very slightly contaminated
A: no food or potions, fire vulnerability, cold resistance 1, negative energy
resistance 3, torment resistance, unbreathing
a: Renounce Religion


You were on level 2 of the Lair of Beasts.
You worshipped Vehumet.
Vehumet was pleased with you.
You were not hungry.

You visited 3 branches of the dungeon, and saw 14 of its levels.
You also visited: Labyrinth.

You collected 1148 gold pieces.
You spent 285 gold pieces at shops.

Inventory:

Hand Weapons
 o - a +4 dagger of venom (weapon)
 u - the +4 Vampire's Tooth {vamp}
   (You found it on level 4 of the Dungeon)

   It inflicts no extra harm, but heals its wielder when it wounds a living foe.
Armour
 k - a +2 pair of boots (worn)
 l - a +1 robe of fire resistance (worn)
 x - a +2 pair of gloves (worn)
 z - the +1 cloak of the Lute (worn) {rElec}
   (You bought it in a shop on level 4 of the Dungeon)

   It insulates you from electricity.
 C - a +0 helmet of see invisible (worn)
Jewellery
 t - a +4 ring of protection (left hand)
 w - an uncursed ring of see invisible
 y - an uncursed ring of resist corrosion
 H - an uncursed ring of fire
 M - a +2 ring of evasion (right hand)
 N - an amulet of regeneration (around neck)
Wands
 i - a wand of slowing (27/48)
 q - a wand of random effects (18/48)
 v - a wand of disintegration (16/24)
 B - a wand of confusion (24/48)
 D - a wand of digging (6/24)
 E - a wand of acid (2/15)
 F - a wand of polymorph (16/24)
 G - a wand of confusion (29/48)
 I - a wand of disintegration (3/24)
 J - a wand of iceblast (5/15)
 L - a wand of confusion (16/48)
Scrolls
 a - 3 scrolls of noise
 c - 3 scrolls of fear
 d - 3 scrolls of remove curse
 e - a scroll of fog
 f - 9 scrolls of teleportation
 g - 2 scrolls of enchant weapon
 h - 2 scrolls of amnesia
 j - a scroll of silence {unknown}
 m - 2 scrolls of enchant armour
 n - 3 scrolls of immolation {unknown}
 p - 3 scrolls of blinking
 A - a scroll of recharging {unknown}
Books
 b - a book of Conjurations

   Spells                             Type                      Level
   a - Magic Dart                     Conjuration                  1
   b - Searing Ray                    Conjuration                  2
   c - Dazzling Spray                 Conjuration/Hexes            3
   d - Fulminant Prism                Conjuration/Hexes            4
   e - Iskenderun's Mystic Blast      Conjuration                  4
   f - Iskenderun's Battlesphere      Conjuration/Charms           5
 r - a book of Minor Magic

   Spells                             Type                      Level
   a - Magic Dart                     Conjuration                  1
   b - Blink                          Translocation                2
   c - Call Imp                       Summoning                    2
   d - Repel Missiles                 Charms/Air                   2
   e - Slow                           Hexes                        2
   f - Conjure Flame                  Conjuration/Fire             3
   g - Mephitic Cloud                 Conjuration/Poison/Air       3
 s - a book of Maledictions

   Spells                             Type                      Level
   a - Corona                         Hexes                        1
   b - Ensorcelled Hibernation        Hexes/Ice                    2
   c - Confuse                        Hexes                        3
   d - Tukima's Dance                 Hexes                        3
   e - Dazzling Spray                 Conjuration/Hexes            3
Miscellaneous
 K - a phial of floods


   Skills:
 - Level 10.0 Fighting
 - Level 1.5 Dodging
 - Level 1.5 Stealth
 * Level 11.6 Spellcasting
 - Level 10.0 Conjurations


You had 13 spell levels left.
You knew the following spells:

 Your Spells              Type           Power        Failure   Level  Hunger
a - Magic Dart            Conj           ####         1%          1    N/A
b - Conjure Flame         Conj/Fire      ####....     2%          3    N/A
c - Blink                 Tloc           N/A          12%         2    N/A
d - Mephitic Cloud        Conj/Pois/Air  ###.....     6%          3    N/A
e - Iskenderun's Mystic   Conj           #####...     1%          4    N/A
f - Iskenderun's Battles  Conj/Chrm      ####....     28%         5    N/A
q - Searing Ray           Conj           #####.       1%          2    N/A

Dungeon Overview and Level Annotations

Branches:
Dungeon (11/15)            Temple (1/1) D:7            Lair (2/6) D:8
  Swamp: Lair:2-4    Shoals: Lair:2-4     Snake: Lair:2-4    Spider: Lair:2-4
    Orc: D:9-12

Altars:
Ashenzari
Cheibriados
Dithmenos
Elyvilon
Fedhas
Gozag
Hepliaklqana
Kikubaaqudgha
Makhleb
Nemelex Xobeh
Okawaru
Qazlal
Ru
Sif Muna
Trog
Uskayaw
Vehumet
Xom
Yredelemnul
Zin
The Shining One

Shops:
D:4 [   D:9 :   D:11 (

Portals:
Trove: D:10 (give 15 scrolls of teleportation)

Annotations:
Lair:2 Sanvar's ghost, journeyman TrCK


Innate Abilities, Weirdness & Mutations

You do not eat or drink.
Your flesh is vulnerable to fire.
You are immune to poison.
Your flesh is cold resistant. (rC+)
You are immune to negative energy. (rN+++)
You are immune to unholy pain and torment.
You can survive without breathing.


Message History

You are very lightly contaminated with residual magic.
You feel uncomfortable. Sanvar's ghost hits you!!
Casting: Blink
Confirm with . or Enter, or press ? or * to list all spells.
You miscast Blink.
You feel a wrenching sensation. Sanvar's ghost hits you!!
* * * LOW HITPOINT WARNING * * *
Casting: Blink
Confirm with . or Enter, or press ? or * to list all spells.
You blink.
Evoke which item? (* to show all) (? for menu, Esc to quit)
Zapping:
D - a wand of digging (will waste charges)
Press: ? - help, Shift-Dir - straight line The rock shatters into small pieces.
Evoking this partially-identified wand wasted a few charges.
Sanvar's ghost hits you!!
* * * LOW HITPOINT WARNING * * *
Casting: Blink
Confirm with . or Enter, or press ? or * to list all spells.
You miscast Blink.
Nothing appears to happen.
Sanvar's ghost hits you!!
You die...

##### ### #.#.####### ###.#
##..)#..(.# #.... ##........##
###.... #.#........# ### #......
#####.........#######.####..##..
#.###..........@W..........###..
##.P###.........#####......##
### #..........>....# #.......##
..#..####.......## ##.........#
##.### #.#.......# #.........##
### ####......# #..........P
##.....###...........#
##......#............ ## ###
#....W.............


You could see Sanvar's ghost.

Vanquished Creatures
  A minotaur (Lab)
  The ghost of Peloso the Carver, a journeyman MiFi of Okawaru (D:11)
  An unseen horror (D:10)
  2 cyclopes (D:9)
  An ugly thing (D:11)
  The ghost of EvilTwin the Cleaver, a novice MiFi (D:5)
  3 spiny frogs
  A rime drake (Lair:2)
  2 komodo dragons (Lair:2)
  2 hornets
  A two-headed ogre (D:9)
  2 hippogriffs
  A shadow (D:11)
  A spriggan (D:7)
  A wyvern (Lair:2)
  17 yaks
  The ghost of n0isemaker the Cutter, an amateur HEWr of Dithmenos (D:4)
  2 porcupines
  5 water moccasins
  2 orc warriors (D:11)
  The ghost of NullDivider the Sneak, an amateur FeMo (D:7)
  6 sky beasts
  A black bear (Lair:2)
  A necrophage (D:9)
  5 ogres
  A phantom (D:5)
  4 centaurs
  3 big kobolds (D:5)
  The ghost of emsyzz the Firebug, an amateur HEFE (D:3)
  2 crocodiles
  8 bullfrogs
  2 wyvern zombies
  14 killer bees
  4 scorpions
  8 wights
  3 crimson imps
  3 bullfrog zombies
  2 centaur zombies (D:5)
  2 quasits
  3 hounds
  3 jellies
  2 bullfrog skeletons
  2 orc priests (D:11)
  4 orc wizards
  Terence (D:3)
  Jessica (D:2)
  2 iguanas
  10 worker ants
  9 gnolls (D:5)
  10 adders
  2 shadow imps
  An ooze (D:2)
  An adder skeleton (D:5)
  3 adder zombies
  6 worms
  6 dart slugs
  A leopard gecko (D:1)
  25 orcs
  10 bats
  4 giant cockroaches
  28 goblins
  29 hobgoblins
  6 jackals
  2 quokkas
  A ball python (D:3)
  5 frilled lizards
  7 kobolds
  4 rats
307 creatures vanquished.

Vanquished Creatures (others)
  A fungus (Lair:2)
1 creature vanquished.

Grand Total: 308 creatures vanquished

Notes
Turn   | Place    | Note
-------+----------+-------------------------------------------
     0 | D:1      | RaHiT the Mummy Conjurer began the quest for the Orb.
     0 | D:1      | Reached XP level 1. HP: 13/13 MP: 3/3
   390 | D:1      | Reached XP level 2. HP: 19/19 MP: 0/5
   394 | D:1      | Learned a level 2 spell: Searing Ray
   927 | D:1      | Reached skill level 3 in Spellcasting
  1243 | D:2      | Reached XP level 3. HP: 24/24 MP: 5/7
  1250 | D:2      | Noticed Jessica
  1411 | D:2      | Killed Jessica
  1411 | D:2      | Reached skill level 4 in Spellcasting
  1411 | D:2      | Reached XP level 4. HP: 25/30 MP: 3/10
  2448 | D:3      | Noticed Terence
  2499 | D:3      | Killed Terence
  2499 | D:3      | Reached skill level 5 in Spellcasting
  2499 | D:3      | Reached XP level 5. HP: 35/35 MP: 5/12
  2649 | D:3      | Learned a level 3 spell: Conjure Flame
  2652 | D:3      | Learned a level 2 spell: Blink
  2656 | D:3      | Learned a level 3 spell: Mephitic Cloud
  3040 | D:3      | Noticed emsyzz's ghost (amateur HEFE)
  3057 | D:3      | Killed emsyzz's ghost
  3461 | D:4      | Reached XP level 6. HP: 41/41 MP: 7/13
  3683 | D:4      | Found Cuaprauti's Antique Armour Shop.
  3814 | D:4      | Noticed n0isemaker's ghost (amateur HEWr)
  3840 | D:4      | Killed n0isemaker's ghost
  3840 | D:4      | Reached skill level 5 in Conjurations
  4025 | D:5      | Entered Level 5 of the Dungeon
  4117 | D:5      | Reached XP level 7. HP: 41/46 MP: 1/14
  4280 | D:5      | Noticed EvilTwin's ghost (novice MiFi)
  4762 | D:5      | Reached skill level 6 in Spellcasting
  4781 | D:5      | Reached XP level 8. HP: 19/52 MP: 7/17
  5462 | D:5      | Killed EvilTwin's ghost
  5462 | D:5      | Reached skill level 7 in Spellcasting
  5674 | D:5      | Reached skill level 8 in Spellcasting
  5775 | D:5      | Learned a level 4 spell: Iskenderun's Mystic Blast
  6365 | D:4      | Bought an ichor-stained cloak for 285 gold pieces
  6373 | D:4      | Identified the +1 cloak of the Lute {rElec} (You bought it in a shop on level 4 of the Dungeon)
  6673 | D:6      | Reached XP level 9. HP: 57/57 MP: 13/21
  7567 | D:7      | Noticed NullDivider's ghost (amateur FeMo)
  7577 | D:7      | Killed NullDivider's ghost
  7709 | D:7      | Found a deep blue altar of Sif Muna.
  7710 | D:7      | Found a glowing silver altar of Zin.
  7727 | D:7      | Reached skill level 9 in Spellcasting
  7743 | D:7      | Found a sparkling altar of Nemelex Xobeh.
  7743 | D:7      | Found a hide-covered altar of Uskayaw.
  7747 | D:7      | Found a hazy altar of Hepliaklqana.
  7747 | D:7      | Found a hide-covered altar of Uskayaw.
  7749 | D:7      | Found a white marble altar of Elyvilon.
  7749 | D:7      | Found a burning altar of Makhleb.
  7750 | D:7      | Found a hazy altar of Hepliaklqana.
  7750 | D:7      | Found a stormy altar of Qazlal.
  7751 | D:7      | Found a sacrificial altar of Ru.
  7751 | D:7      | Found a shadowy altar of Dithmenos.
  7768 | D:7      | Found a staircase to the Ecumenical Temple.
  7773 | Temple   | Entered the Ecumenical Temple
  7878 | Temple   | Became a worshipper of Vehumet
  8264 | D:7      | Reached skill level 10 in Spellcasting
  8657 | D:7      | Learned a level 5 spell: Iskenderun's Battlesphere
  8932 | D:8      | Found a staircase to the Lair.
  9275 | D:8      | You fall through a shaft for 2 floors!
  9275 | D:10     | Entered Level 10 of the Dungeon
  9312 | D:9      | Found Jyci Zam's Book Emporium.
  9327 | D:9      | Reached XP level 10. HP: 63/63 MP: 22/24
  9868 | D:9      | Reached * piety under Vehumet
  9868 | D:9      | Offered knowledge of Sandblast by Vehumet.
 10071 | D:9      | Noticed a cyclops
 10147 | D:9      | Killed a cyclops
 10154 | D:9      | Reached skill level 10 in Conjurations
 10353 | D:9      | Reached skill level 1 in Fighting
 10575 | D:9      | Noticed a cyclops
 10581 | D:9      | Killed a cyclops
 11340 | D:10     | Reached skill level 5 in Fighting
 11391 | D:10     | Found a portal to a secret trove of treasure.
 11668 | D:10     | Noticed an unseen horror
 11676 | D:10     | Killed an unseen horror
 11734 | D:11     | Found Hain's Antique Weapon Emporium.
 11776 | D:11     | Noticed a cyan ugly thing
 11783 | D:11     | Killed a cyan ugly thing
 11786 | D:11     | Found a labyrinth entrance.
 11796 | Lab      | Entered a labyrinth
 12145 | Lab      | Noticed a minotaur
 12157 | Lab      | Killed a minotaur
 12157 | Lab      | Reached XP level 11. HP: 84/84 MP: 7/25
 12348 | D:11     | Noticed Peloso's ghost (journeyman MiFi)
 12384 | D:11     | Killed Peloso's ghost
 12435 | D:11     | HP: 4/86 [orc warrior/glaive (15)]
 13075 | D:11     | Reached ** piety under Vehumet
 13079 | D:11     | Offered knowledge of Throw Frost by Vehumet.
 13393 | Lair:1   | Entered Level 1 of the Lair of Beasts
 14943 | Lair:2   | Reached skill level 10 in Fighting
 15609 | Lair:2   | Reached skill level 11 in Spellcasting
 16214 | Lair:2   | Offered knowledge of Ignite Poison by Vehumet.
 16456 | Lair:2   | Noticed Sanvar's ghost (journeyman TrCK)
 16603 | Lair:2   | Slain by Sanvar's ghost

Skill      XL: |  1  2  3  4  5  6  7  8  9 10 11 |
---------------+----------------------------------+-----
Spellcasting   | 3 4 5 6 8 10 11 | 11.6
Conjurations   | 4 5 6 7 8 10 | 10.0
Fighting       | 7 10 | 10.0
Dodging        | |  1.5
Stealth        | |  1.5

Action                   |  1- 3 |  4- 6 |  7- 9 | 10-12 || total
-------------------------+-------+-------+-------+-------++-------
Melee: Unarmed           |    10 |       |       |       ||    10
       Dagger            |       |   120 |   375 |   285 ||   780
Throw: Tomahawk          |     3 |     4 |     4 |       ||    11
 Cast: Magic Dart        |    37 |    60 |    28 |    40 ||   165
       Searing Ray       |     9 |    23 |    38 |    37 ||   107
       Conjure Flame     |       |     2 |     6 |    18 ||    26
       Mephitic Cloud    |       |       |     3 |    15 ||    18
       Iskenderun's Myst |       |       |     7 |    23 ||    30
       Iskenderun's Batt |       |       |       |     6 ||     6
       Blink             |       |       |       |     3 ||     3
Evoke: Wand              |       |       |       |     4 ||     4
  Use: Scroll            |       |     4 |     6 |     6 ||    16
 Stab: Sleeping          |     1 |     2 |     3 |       ||     6
       Confused          |       |       |       |     5 ||     5
Armor: Robe              |     7 |    55 |   245 |   154 ||   461
Dodge: Dodged            |    28 |    81 |   297 |   229 ||   635
